 Dungeon Crawl Stone Soup version 0.27.1-2-g3b301248ec (webtiles) character file.

Game seed: 9421777630730249282

2 MisterFreud the Grave Robber (level 1, -10/17 HPs)
             Began as a Gnoll Wanderer on Sept 26, 2021.
             Mangled by a gnoll (14 damage)
             ... on level 1 of the Dungeon.
             The game lasted 00:00:31 (170 turns).

MisterFreud the Grave Robber (Gnoll Wanderer)        Turns: 170, Time: 00:00:32

Health: -10/17     AC:  2    Str:  9    XL:     1   Next: 40%
Magic:  1/1        EV: 11    Int: 12    God:
Gold:   39         SH:  0    Dex: 12    Spells: 0/0 levels left

rFire    . . .     SeeInvis .   a - +2 dagger
rCold    . . .     Faith    .   (no shield)
rNeg     . . .     Spirit   .   c - +0 robe
rPois    .         Reflect  .   (no helmet)
rElec    .         Harm     .   (no cloak)
rCorr    .         Rampage  .   (no gloves)
Will     .....                  (no boots)
Stlth    ++........             (no amulet)
HPRegen  0.05/turn              (no ring)
MPRegen  0.07/turn              (no ring)

@: no status effects
A: fangs 1, strong nose, distributed training
a: no special abilities


You were on level 1 of the Dungeon.
You visited 1 branch of the dungeon, and saw 1 of its levels.

You collected 39 gold pieces.

Inventory:

Hand Weapons
 a - a +2 dagger (weapon)
Armour
 c - a +0 robe (worn)
Scrolls
 b - a scroll of blinking
 d - a scroll of immolation {unknown}
 e - a scroll of noise {unknown}


   Skills:
 + Level 2.3 Fighting
 + Level 0.0 Short Blades
 + Level 0.0 Long Blades
 + Level 0.0 Axes
 + Level 0.0 Maces & Flails
 + Level 2.3 Polearms
 + Level 0.0 Staves
 + Level 0.0 Slings
 + Level 0.0 Bows
 + Level 0.0 Crossbows
 + Level 0.0 Throwing
 + Level 0.0 Armour
 + Level 0.0 Dodging
 + Level 4.0 Stealth
 + Level 0.0 Shields
 + Level 0.0 Unarmed Combat
 + Level 0.0 Spellcasting
 + Level 1.9 Conjurations
 + Level 0.0 Hexes
 + Level 0.0 Summonings
 + Level 7.0 Necromancy
 + Level 0.0 Translocations
 + Level 0.0 Transmutations
 + Level 0.0 Fire Magic
 + Level 0.0 Ice Magic
 + Level 0.0 Air Magic
 + Level 0.0 Earth Magic
 + Level 0.0 Poison Magic
 + Level 0.1 Invocations
 + Level 2.3 Evocations


You couldn't memorise any spells.
You didn't know any spells.
Your spell library contained the following spells:

 Spells                   Type           Power      Damage    Failure   Level
 Sublimation of Blood     Necr           8%         N/A       2%          2
 Corpse Rot               Necr/Air       N/A        N/A       12%         2


Dungeon Overview and Level Annotations

Branches:
Dungeon (1/15)

Altars:


Innate Abilities, Weirdness & Mutations

You have very sharp teeth.
Your uncanny sense of smell can sniff out nearby items.
Your experience applies equally to all skills.


Message History

The rat misses you.
There are monsters nearby!
You completely miss the rat. The rat closely misses you.
There are monsters nearby!
You barely miss the rat. The rat barely misses you.
There are monsters nearby!
You hit the rat.
The rat is severely wounded.
The rat barely misses you.
You hit the rat.
You kill the rat!
You hit the gnoll.
The gnoll is lightly wounded.
The gnoll barely misses you.
You hit the gnoll but do no damage.
The gnoll is lightly wounded.
The gnoll closely misses you.
You closely miss the gnoll.
The gnoll is lightly wounded.
The gnoll hits you with a +0 flail.
You barely miss the gnoll.
The gnoll is lightly wounded.
The gnoll closely misses you.
You hit the gnoll.
The gnoll is heavily wounded.
The gnoll barely misses you.
You hit the gnoll. You bite the gnoll, but do no damage.
The gnoll is heavily wounded.
The gnoll hits you with a +0 flail.
You hit the gnoll.
The gnoll is severely wounded.
The gnoll hits you with a +0 flail!
* * * LOW HITPOINT WARNING * * *
You are too injured to fight recklessly!
You are too injured to fight recklessly!
You hit the gnoll.
The gnoll is almost dead.
The gnoll hits you with a +0 flail!
Ouch! That really hurt!
You die...

####### ......##
≈≈.....## ##.....#
######
##.##...#####....#
#.##≈≈...........+
.##≈≈≈..##.##....#
##≈≈≈≈≈.##.##....#
≈≈≈≈≈≈≈.##.##...@#
≈≈≈≈≈≈≈.##.##....g...#
≈≈≈≈≈≈≈.##.##.....[.....
####≈≈≈.##.##........##.
.. #≈≈..##.#######.###
..##≈≈...#.# .#
.#.##..#.# .# ###...##.#
.# ≈≈...###.#


You could see a gnoll.

Vanquished Creatures
  2 ball pythons (D:1)
  2 rats (D:1)
4 creatures vanquished.

Notes
Turn   | Place    | Note
-------+----------+-------------------------------------------
     0 | D:1      | MisterFreud the Gnoll Wanderer began the quest for the Orb.
     0 | D:1      | MisterFreud set off with the following items: a +2 dagger,
                  | a scroll of blinking, a +0 robe; and the following spells
                  | available to memorise: Sublimation of Blood, Corpse Rot
     0 | D:1      | Reached XP level 1. HP: 17/17 MP: 1/1
   170 | D:1      | Mangled by a gnoll

Illustrated notes

Levels and vault maps discovered:
D:1:      ncdulo_lavacross, layout_basic, shapermc_ecumenical_altar_mp_vishouse,
          grunt_decor_junction, minmay_misc_feat_iff

Action                   || total
-------------------------++-------
Melee: Dagger            ||    15
       Bite              ||     1
 Stab: Sleeping          ||     1
Dodge: Dodged            ||     8
